 Dungeon Crawl Stone Soup version 0.30-a0-137-gd8773701ce (webtiles) character file.

Game seed: 3165138101612696954

840 porpoise the Poker (level 7, -9/56 HPs)
             Began as a Demonspawn Gladiator on Sept 24, 2022.
             Was a Believer of Yredelemnul.
             Mangled by a gnoll
             ... wielding a +0 halberd
             ... led by a gnoll bouda
              (13 damage)
             ... on level 5 of the Dungeon.
             The game lasted 00:17:38 (5361 turns).

porpoise the Poker (Demonspawn Gladiator)           Turns: 5361, Time: 00:17:39

Health: -9/56      AC:  6    Str: 17    XL:     7   Next: 67%
Magic:  8/8        EV: 21    Int:  9    God:    Yredelemnul [**....]
Gold:   197        SH:  0    Dex: 14    Spells: 6/6 levels left

rFire   . . .      SeeInvis .    a - +1 trident
rCold   . . .      Faith    .    (no shield)
rNeg    . . .      Spirit   .    s - +0 leather armour
rPois   .          Reflect  .    c - +0 helmet
rElec   .          Harm     .    g - +1 cloak
rCorr   .          Rampage  .    (no gloves)
Will    .....                    (no boots)
Stlth   +.........               (no amulet)
HPRegen 0.18/turn                D - +4 ring of evasion
MPRegen 0.11/turn                (no ring)

@: agile, weakened
A: hooves 1, powered by pain 1, condensation shield
a: Renounce Religion, Recall Undead Harvest, Dark Bargain


You were on level 5 of the Dungeon.
You worshipped Yredelemnul.
Yredelemnul was noncommittal.
You visited 2 branches of the dungeon, and saw 6 of its levels.
You also visited: Sewer.

You collected 197 gold pieces.

Inventory:

Hand Weapons
 a - a +1 trident (weapon)
 b - a +0 sling
 y - a +2 whip of electrocution
Missiles
 d - 3 throwing nets (quivered)
 e - a javelin
 f - 4 poisoned darts
 j - 3 curare-tipped darts
 n - 2 atropa-tipped darts
 G - 3 boomerangs
Armour
 c - a +0 helmet (worn)
 g - a +1 cloak (worn)
 s - a +0 leather armour (worn)
Jewellery
 D - a +4 ring of evasion (left hand)
Wands
 t - a wand of paralysis (8)
Scrolls
 i - a scroll of fear
 k - a scroll of blinking {unknown}
 o - a scroll of butterflies {unknown}
 p - 2 scrolls of enchant weapon
 q - a scroll of enchant armour {unknown}
 r - 8 scrolls of teleportation
 v - 2 scrolls of noise
 w - a scroll of poison {unknown}
 H - a scroll of torment {unknown}
Potions
 h - a potion of brilliance
 l - 2 potions of haste
 m - 4 potions of heal wounds
 u - 2 potions of attraction
 x - 3 potions of lignification {unknown}
 z - a potion of invisibility {unknown}
 A - 2 potions of ambrosia {unknown}
 B - 2 potions of magic {unknown}
 C - a potion of berserk rage {unknown}
 E - a potion of mutation {unknown}
 F - a potion of curing


   Skills:
 + Level 5.1 Fighting
 * Level 6.9 Polearms
 - Level 1.7 Throwing
 - Level 2.6 Dodging
 + Level 2.2 Invocations


You had 6 spell levels left.
You didn't know any spells.
Your spell library contained the following spells:

 Spells                   Type           Power      Damage    Failure   Level
 Blink                    Tloc           0%         N/A       58%         2
 Lesser Beckoning         Tloc           0%         N/A       83%         3
 Manifold Assault         Tloc           0%         N/A       99%         4


Dungeon Overview and Level Annotations

Branches:
Dungeon (5/15)             Temple (1/1) D:4           Sewer (visited)

Altars:
Ashenzari
Cheibriados
Fedhas
Hepliaklqana
Kikubaaqudgha
Makhleb
Okawaru
Qazlal
Ru
Sif Muna
Trog
Uskayaw
Vehumet
Xom
Yredelemnul


Innate Abilities, Weirdness & Mutations

You have large cloven feet.
You sometimes gain a little power by taking damage.
A meltable shield of frost defends you. (SH +0)


Message History

The gnoll barely misses you. The gnoll misses you.
Your orc wizard zombie barely misses the gnoll.
The gnoll bouda gazes fiercely through you!
You feel your attacks grow feeble. The gnoll bouda barely misses you.
The orc priest mumbles some strange prayers to Beogh against you.
Beogh smites you!
You focus on the pain.
You feel more agile all of a sudden.
Your orc wizard zombie hits the gnoll bouda but does no damage.
The gnoll hits your orc wizard zombie with a +0 spear.
The gnoll misses you. The gnoll hits you with a +0 halberd!
* * * LOW HITPOINT WARNING * * *
The gnoll bouda misses you.
Your orc wizard zombie barely misses the gnoll.
The gnoll hits you but does no damage.
Your orc wizard zombie hits the gnoll bouda but does no damage.
You swap places.
The gnoll hits you with a +0 halberd.
* * * LOW HITPOINT WARNING * * *
The gnoll closely misses you.
The gnoll bouda hits your orc wizard zombie with a +0 whip.
The gnoll barely misses you.
Your orc wizard zombie hits the gnoll but does no damage.
You barely miss the gnoll. The gnoll closely misses you.
The gnoll barely misses you.
Your orc wizard zombie misses the gnoll bouda.
The gnoll bouda hits your orc wizard zombie with a +0 whip.
The gnoll misses you.
Unknown command.
You hit the gnoll. Your kick misses the gnoll.
The gnoll is moderately wounded.
The gnoll misses you.
Your orc wizard zombie hits the gnoll.
The gnoll completely misses you.
Your orc wizard zombie closely misses the gnoll bouda.
The gnoll bouda hits your orc wizard zombie with a +0 whip!
The gnoll barely misses you.
You hit the gnoll. You kick the gnoll.
The gnoll is severely wounded.
The gnoll misses you. The gnoll hits you with a +0 halberd!
You die...
Your body rises from the dead as a mindless zombie.

#=... ######### #....
#........ #.... #..Z.....
##....#############.####..
.......#....##......####..
.......#..................
.......#Z)......Z.........
.......ggZ..ZZ.Z..........
.......#g@g...............
.......#..................
.......####+######.###....
#+###+# ###.###....
#.......... #....))....
+....)).... #.....)....
##+###.##..


You could see a gnoll bouda (distracted, ally target), 3 gnolls, a friendly
adder zombie, a friendly orc zombie, 2 friendly orc wizard zombies, a friendly
centaur zombie and a friendly dart slug zombie.

Vanquished Creatures
  Grinder (D:3)
  An ogre (D:3)
  Pargi (Sewer)
  A centaur (D:5)
  Blork the orc (D:4)
  Crazy Yiuf (D:3)
  An orc priest (D:5)
  Terence (D:3)
  Natasha (twice) (D:3)
  2 orc wizards (D:5)
  A river rat (D:3)
  4 adders
  2 worms
  2 dart slugs
  4 orcs
  4 bats
  5 endoplasms
  5 giant cockroaches
  7 goblins
  6 hobgoblins
  8 quokkas
  6 ball pythons
  6 frilled lizards
  10 kobolds
  6 rats
88 creatures vanquished.

Vanquished Creatures (collateral kills)
  2 orcs (D:5)
2 creatures vanquished.

Vanquished Creatures (others)
  A ball python zombie (D:4)
  A kobold zombie (D:4)
  2 orc zombies (D:5)
4 creatures vanquished.

Grand Total: 94 creatures vanquished

Notes
Turn   | Place    | Note
-------+----------+-------------------------------------------
     0 | D:1      | porpoise the Demonspawn Gladiator began the quest for the
                  | Orb.
     0 | D:1      | Reached XP level 1. HP: 16/16 MP: 1/1
   313 | D:1      | Reached skill level 3 in Polearms
   586 | D:1      | Gained mutation: You have large cloven feet. [demonic
                  | ancestry]
   586 | D:1      | Reached XP level 2. HP: 17/22 MP: 2/2
   745 | D:1      | Found a faded altar of an unknown god.
  1684 | D:2      | Reached XP level 3. HP: 28/28 MP: 3/3
  2381 | D:3      | Noticed an ogre
  2386 | D:3      | Killed an ogre
  2387 | D:3      | Reached skill level 4 in Polearms
  2387 | D:3      | Gained mutation: A meltable shield of frost defends you.
                  | (SH +0) [demonic ancestry]
  2387 | D:3      | Reached XP level 4. HP: 32/35 MP: 4/4
  2387 | D:3      | Reached XP level 5. HP: 38/41 MP: 5/5
  2635 | D:3      | Found a glowing drain.
  2765 | Sewer    | Entered a sewer
  2815 | Sewer    | Noticed Pargi
  2825 | Sewer    | Killed Pargi
  2826 | Sewer    | Reached skill level 5 in Polearms
  2826 | Sewer    | Gained mutation: You sometimes gain a little power by
                  | taking damage. [demonic ancestry]
  2826 | Sewer    | Reached XP level 6. HP: 35/48 MP: 6/6
  3252 | D:3      | Noticed Terence
  3254 | D:3      | Killed Terence
  3417 | D:3      | Noticed Natasha
  3424 | D:3      | Killed Natasha
  3428 | D:3      | Noticed Natasha
  3431 | D:3      | Noticed Grinder
  3434 | D:3      | Killed Natasha
  3449 | D:3      | Killed Grinder
  3450 | D:3      | Reached skill level 6 in Polearms
  3450 | D:3      | Reached XP level 7. HP: 18/55 MP: 7/7
  3747 | D:3      | Found a runed translucent door.
  3748 | D:3      | Noticed Crazy Yiuf
  3761 | D:3      | Killed Crazy Yiuf
  4248 | D:4      | Found a staircase to the Ecumenical Temple.
  4272 | Temple   | Entered the Ecumenical Temple
  4324 | Temple   | Became a worshipper of Yredelemnul the Dark
  4556 | D:4      | Noticed Blork the orc
  4564 | D:4      | Killed Blork the orc
  4565 | D:4      | Reached skill level 1 in Invocations
  4991 | D:4      | Reached * piety under Yredelemnul
  5011 | D:4      | Found a faded altar of an unknown god.
  5011 | D:4      | Found a stormy altar of Qazlal.
  5018 | D:4      | Found a faded altar of an unknown god.
  5022 | D:4      | Found a radiant altar of Vehumet.
  5047 | D:5      | Entered Level 5 of the Dungeon
  5086 | D:5      | Found a snail-covered altar of Cheibriados.
  5154 | D:5      | Reached skill level 5 in Fighting
  5345 | D:5      | Reached ** piety under Yredelemnul
  5361 | D:5      | Mangled by a gnoll

Illustrated notes

Levels and vault maps discovered:
D:1:      dreamdust_arrival_beginning_and_end, layout_loops_corners,
          chequers_ecumenical_altar_island, minmay_misc_feat_more_columns
D:2:      layout_basic, minivault_4, minmay_pentomino_p4
D:3:      layout_rooms, gup_sewer_entry_spiral, minmay_crystal_room,
          uniq_natasha, uniq_terence, uniq_grinder, uniq_crazy_yiuf_cottage
D:4:      layout_basic, chequers_temple_overflow_minitemple,
          minmay_temple_entry_drinking_statues, uniq_blork_the_orc
D:5:      layout_gridville, general_overflow_altar,
          mainiacjoe_overflow_six_doors_small, serial_park_tiny_1
Temple:   nicolae_temple_ecumenical_triangle

Skill      XL: |  1  2  3  4  5  6  7 |
---------------+----------------------+-----
Polearms       | 3 4 5 6 |  6.9
Fighting       | 3 4 5 |  5.1
Invocations    | 2 |  2.2
Throwing       | |  1.7
Dodging        | |  2.6

Action                   |  1- 3 |  4- 6 |  7- 9 || total
-------------------------+-------+-------+-------++-------
Melee: Trident           |    87 |    94 |    67 ||   248
       Kick              |    14 |    26 |    12 ||    52
       Punch             |       |     1 |       ||     1
 Fire: Sling             |       |    14 |     5 ||    19
Throw: Dart              |     2 |     4 |     3 ||     9
Evoke: Wand              |       |       |     2 ||     2
  Use: Scroll            |       |     7 |     2 ||     9
       Potion            |       |       |     2 ||     2
 Stab: Sleeping          |     1 |       |       ||     1
Armor: Leather armour    |    19 |    19 |    14 ||    52
Dodge: Dodged            |    38 |    44 |    80 ||   162
Block: Other             |       |    10 |    11 ||    21

Table legend: (Time is in decaauts)
 A = Elapsed time spent in this place.
 B = Non-inter-level travel time spent in this place.
 C = Inter-level travel time spent in this place.
 D = Time resting spent in this place.
 E = Time spent auto-exploring this place.
 F = Levels seen in this place.
 G = Mean time per level.
                   A        B        C        D        E       F      G
               +--------+--------+--------+--------+--------+-----+--------+
         Total |   5495 |   5400 |     95 |   1533 |   2839 |   7 |  785.0 |
       Dungeon |   5138 |   5054 |     84 |   1439 |   2802 |   5 | 1027.6 |
        Temple |     63 |     52 |     11 |      0 |     37 |   1 |   63.0 |
         Sewer |    293 |    293 |      0 |     94 |      0 |   1 |  293.0 |
               +--------+--------+--------+--------+--------+-----+--------+

Top non-repeatable levels by time:
     D:3: 1609 daAuts
     D:2: 1318 daAuts
     D:1: 1077 daAuts
     D:4: 793 daAuts
     D:5: 339 daAuts
   Sewer: 293 daAuts
  Temple: 63 daAuts
